AoeStats
← Blazing Cartesia, The Virtuous

Arabian Desert

509964857Analyzed
1v1 RM · 3d ago on Sep 28, 2026· 24m 56s· 2 players
Game mode
Random Map
Map size
Tiny (2 player)
Population
200
Speed
Normal
Resources
Standard
Victory
Conquest
Starting age
Dark Age
Ending age
Imperial Age
RankedLock teamsTeams togetherTeam positionsShared explorationLock speedFull tech treeHidden civsTurbo modeCheats
Victory
Defeat
🇦🇷 Khmer · Argentina
1256
+17
1272
-17
Emigarcia86
6:37 Loom
9:22 Feudal Age
10:00 Double-Bit Axe
12:33 Horse Collar
17:05 Padded Archer Armor
22:57 Castle Age
21:06 Fletching
22:34 Bloodlines
23:03 Scale Barding Armor
23:08 Forging
23:41 Bodkin Arrow
Blazing Cartesia, The Virtuous
5:48 Loom
9:14 Feudal Age
9:33 Double-Bit Axe
11:42 Horse Collar
14:28 Fletching
19:02 Wheelbarrow
24:57 Castle Age
23:40 Gold Mining
24:38 Forging
25:17 Bloodlines
Connection lost

Rejoining the realm…

Still unreachable

The connection could not be restored.

Session expired

The server has moved on; the page needs a fresh start.